Map: Catalyst LE

Players

Seismic

  • Race: Terran Terran
  • League: Gold
  • Spawn Location: 5:00

A.I. 1 (Easy) - Winner!

  • Race: Protoss Protoss
  • Spawn Location: 11:00

VOD

Have the link to the VOD?

Description

Time

  • Played on: Feb. 28, 2018, 11:33 p.m.
  • Length: 8:32
Show
View Real Time Build Order
Export as new Build Order

Seismic Terran 

Build Orders: Liberator Opening, MMM Bio 

Get SALT Encoding   

  12  0:01  SCV  
  13  0:13  SCV  
  14  0:17  Supply Depot  
  14  0:25  SCV  
  15  0:29  Refinery  
  15  0:39  SCV  
  16  0:46  Barracks  
  16  0:51  SCV  
  17  1:05  SCV  
  18  1:18  SCV  
  19  1:33  Barracks Reactor  
  19  1:35  Orbital Command  
  19  1:50  Command Center  
  19  2:01  Factory  
  19  2:05  SCV  
  20  2:17  Supply Depot  
  20  2:18  Marine  
  20  2:19  Marine  
  20  2:22  SCV  
  23  2:37  Refinery  
  23  2:39  SCV  
  23  2:41  Marine  
  23  2:42  Marine  
  26  2:48  Starport  
  26  2:50  Factory Tech Lab  
  26  2:54  SCV  
  27  3:03  Orbital Command  
  27  3:16  Siege Tank  
  30  3:20  SCV  
  30  3:26  Marine x2  
  33  3:32  SCV  
  33  3:33  Liberator  
  34  3:39  SCV  
  35  3:44  SCV  
  36  3:54  Marine x2  
  41  4:02  Supply Depot  
  41  4:08  SCV x2  
  43  4:18  Marine x2  
  43  4:20  SCV  
  43  4:23  SCV  
  47  4:25  Supply Depot  
  47  4:28  Siege Tank  
  50  4:32  SCV  
  50  4:35  SCV  
  52  4:44  SCV  
  53  4:46  Barracks  
  53  4:47  Barracks  
  53  4:48  SCV, Supply Depot  
  54  4:56  SCV  
  54  4:58  Refinery  
  54  4:59  Refinery  
  55  5:00  SCV  
  55  5:02  Engineering Bay  
  56  5:16  Supply Depot  
  56  5:25  SCV x2  
  56  5:26  Supply Depot  
  56  5:27  Marine x2  
  60  5:32  Siege Tank  
  60  5:33  Starport Reactor  
  60  5:35  Barracks Tech Lab x2  
  63  5:40  SCV x2, Supply Depot  
  65  5:45  Marine x2  
  67  5:51  Barracks  
  67  5:54  SCV x2  
  69  5:57  Barracks  
  69  6:13  SCV x2  
  69  6:14  Marine x2  
  69  6:15  Marine x2  
  69  6:17  Siege Tank  
  78  6:19  Medivac  
  78  6:24  Supply Depot  
  80  6:26  Supply Depot  
  80  6:30  Stimpack  
  80  6:31  Combat Shields  
  80  6:45  SCV x2  
  82  6:55  Barracks Reactor x2, Marine  
  82  6:56  Marine x2  
  82  6:57  Marine  
  82  6:59  Siege Tank  
  82  7:00  Medivac x2  
  93  7:04  Supply Depot  
  93  7:06  Supply Depot  
  92  7:13  Marine  
  92  7:14  Marine x3  
  96  7:27  Supply Depot  
  96  7:28  Supply Depot  
  96  7:30  Medivac x2  
  96  7:31  Siege Tank, Marine x3  
  96  7:32  Marine x2  
  96  7:33  Marine  
  96  7:35  Marine  
  110  7:37  Marine  
  111  7:49  Marine x4  
  111  7:50  Marine x2  
  117  7:53  Marine  
  117  7:55  Marine  
  122  8:08  Marine  
  122  8:09  Marine x2  
  122  8:10  Marine x3  
  122  8:11  Marine  
  129  8:12  Marine  
Show
View Real Time Build Order
Export as new Build Order

A.I. 1 (Easy) Protoss - Winner!

Build Orders:  

Get SALT Encoding   

  12  0:00  Probe  
  13  0:13  Probe  
  14  0:21  Pylon  
  14  0:25  Probe  
  15  0:35  Probe  
  16  0:44  Assimilator  
  16  0:50  Gateway  
  16  0:54  Pylon  
  16  1:20  Assimilator  
  16  1:28  Zealot  
  16  1:39  Cybernetics Core  
  18  2:07  Probe  
  18  2:08  Pylon  
  18  2:15  Warp Gate  
  19  2:17  Probe  
  19  2:18  Adept  
  22  2:28  Probe  
  23  2:40  Probe  
  24  2:51  Stalker  
  24  2:52  Probe  
  27  3:01  Probe  
  28  3:25  Stalker  
  30  3:58  Adept  
  32  6:59  Probe, Stalker  
  35  7:01  Pylon  
  35  7:06  Nexus  
  35  7:21  Robotics Facility  
  35  7:22  Stalker  
  37  7:23  Pylon  
  27  7:45  Sentry  
  29  8:07  Observer  
  29  8:08  Stalker  
  32  8:19  Probe  
  34  8:28  Assimilator  
  34  8:31  Stalker, Assimilator  
Tags
 
Composition
MMM Bio
League
Gold
Matchup
PvT
Spawn Locations
Cross Positions
Add a new tag
Caveats
  • Supply blocks, unpowered buildings, or Contaminate may cause inaccurate times.
  • Supply counts are checked every 10 seconds.